[Event "Late-Titled-Tuesday-Blitz-April-16-2024"]
[Site "Chess.com"]
[Date "2024.04.16"]
[Round "10"]
[White "Ykow"]
[Black "Vladimir_2020"]
[Result "0-1"]
[WhiteElo "2571"]
[BlackElo "2774"]
[TimeControl "180+1"]
[EndTime "15:53:14 PDT"]
[Termination "Vladimir_2020 won by resignation"]

1. e4 e5 2. Nf3 Nc6 3. Bc4 Bc5 4. d3 Nf6 5. h3 h6 6. a3 d6 7. b4 Bb6 8. Be3 O-O 9. O-O Ne7 10. Nbd2 Ng6 11.
Bb3 c6 12. Bxb6 axb6 13. d4 b5 14. dxe5 dxe5 15. Qe2 Qe7 16. Qe3 Be6 17. c4 Rfd8 18.
cxb5 cxb5 19. Bxe6 Qxe6 20. Qc5 Rac8 21. Qxb5 Rc2 22. Rfd1 Qd6 23. Qa4 Qc7 24. Nf1 Rxd1 25. Rxd1 Nxe4 26. Qe8+ Kh7 27. Rd8 Nf6 28. Qa4 Rxf2 29.
Kxf2 Qxd8 30. Qb5 e4 31. N3d2 Qd4+ 32. Ke1 Ne5 0-1

[Event "Late-Titled-Tuesday-Blitz-April-16-2024"]
[Site "Chess.com"]
[Date "2024.04.16"]
[Round "10"]
[White "RebecaJimnz"]
[Black "XiaoKangZhong"]
[Result "0-1"]
[WhiteElo "2260"]
[BlackElo "2511"]
[TimeControl "180+1"]
[EndTime "15:53:22 PDT"]
[Termination "XiaoKangZhong won on time"]

1. e4 c6 2. d4 d5 3. exd5 cxd5 4. Be2 Nc6 5. c3 Nf6 6. Nf3 Bf5 7. O-O e6 8. Bg5 Bd6 9. Bd3 Bg4 10. Nbd2 h6 11. Bh4 Qc7 12. Bg3 Bxg3 13. hxg3 O-O 14. Rc1 Qb6 15. Nb3 e5 16. dxe5 Nxe5 17. Be2 Ng6 18. Qc2 Rad8 19. Nbd4 Rfe8 20. Bd3 Ne4 21. Rfe1 h5 22. Bxe4 dxe4 23. Rxe4 Rxe4 24. Qxe4 Qxb2 25.
Rb1 Qxc3 26. Rxb7 Qa1+ 27. Kh2 Qxa2 28. Ng5 Rf8 29. Nxf7 Rxf7 0-1

[Event "Late-Titled-Tuesday-Blitz-April-16-2024"]
[Site "Chess.com"]
[Date "2024.04.16"]
[Round "10"]
[White "N_I_Chess"]
[Black "giomar27"]
[Result "0-1"]
[WhiteElo "2387"]
[BlackElo "2486"]
[TimeControl "180+1"]
[EndTime "15:53:26 PDT"]
[Termination "giomar27 won on time"]

1. d4 Nf6 2. c4 c5 3. d5 b5 4. Nd2 e6 5. dxe6 fxe6 6. e3 bxc4 7.
Bxc4 d5 8. Bb5+ Bd7 9. Bxd7+ Nbxd7 10. b3 Bd6 11. Bb2 O-O 12. Ngf3 e5 13. O-O e4 14. Nh4 g6 15. g3 Ne5 16. f3 exf3 17. Nhxf3 Qe7 18.
Qe2 Rae8 19. Rae1 Nfg4 20. Nxe5 Nxe5 21. Nf3 Ng4 22. Bc1 d4 23. e4 Ne5 24. Nxe5 Bxe5 25.
Bf4 g5 26. Bd2 Bg7 27. Rxf8+ Rxf8 28. Qg4 h6 29. e5 Qf7 30. Qe2 Qe6 31. Qg2 Rf5 32.
g4 Rxe5 33. Qa8+ Kh7 34. Rxe5 Qxe5 35. Qg2 d3 36. Qf3 Qa1+ 37. Kg2 Qd4 38. Qf5+ Kg8 39.
Qc8+ Kf7 40. Qf5+ Ke7 41. Qf3 Kd6 42. Qg3+ Be5 43. Qf3 Qd5 44. Kf2 Qxf3+ 45. Kxf3 Kd5 46. Ke3 c4 47. bxc4+ Kxc4 48. h3 Bf4+ 49. Ke4 Bxd2 0-1

[Event "Late-Titled-Tuesday-Blitz-April-16-2024"]
[Site "Chess.com"]
[Date "2024.04.16"]
[Round "10"]
[White "MathiasWomacka"]
[Black "Fjal"]
[Result "1-0"]
[WhiteElo "2507"]
[BlackElo "2330"]
[TimeControl "180+1"]
[EndTime "15:53:29 PDT"]
[Termination "MathiasWomacka won by resignation"]

1. e4 d6 2. d4 Nf6 3. Nc3 g6 4. f4 Bg7 5. Nf3 O-O 6. Bd3 Nc6 7. O-O e5 8. dxe5 dxe5 9. f5 Nd4 10. Nxe5 Nxe4 11. Nxe4 Bxe5 12. fxg6 fxg6 13. Rxf8+ Qxf8 14. Be3 Bf5 15. c3 Ne6 16. Qb3 Kg7 17. Rf1 Rd8 18. Bc4 Qe7 19. Ng3 Nc5 20. Nxf5+ gxf5 21. Qc2 f4 22. Bxf4 Bxf4 23. Rxf4 Qe3+ 24. Qf2 Rd1+ 25.
Bf1 Rxf1+ 26. Kxf1 Qc1+ 27. Ke2 Qxb2+ 28. Kf3 Qxf2+ 29. Kxf2 Nd3+ 30. Ke3 Nxf4 31. Kxf4 Kf6 32. g4 c5 33. g5+ Kg6 34. Kg4 h6 35. gxh6 Kxh6 36.
Kf5 b5 37. Ke5 b4 38. cxb4 cxb4 39. Kd4 Kh5 40. Kc4 Kh4 41. Kxb4 Kh3 42. Kb5 Kxh2 43. Ka6 Kg3 44. Kxa7 Kf4 45. a4 Ke5 46. a5 1-0

[Event "Late-Titled-Tuesday-Blitz-April-16-2024"]
[Site "Chess.com"]
[Date "2024.04.16"]
[Round "10"]
[White "HajiyevKanan"]
[Black "jbking07"]
[Result "0-1"]
[WhiteElo "2570"]
[BlackElo "2442"]
[TimeControl "180+1"]
[EndTime "15:53:29 PDT"]
[Termination "jbking07 won by checkmate"]

1. d4 Nf6 2. Nf3 e6 3. c4 b6 4. Nc3 Bb7 5. g3 d5 6. cxd5 exd5 7. Bg2 Be7 8. Qa4+ Bc6 9. Qb3 O-O 10. Ne5 Bb7 11. O-O c6 12. f4 b5 13. Kh1 b4 14.
Na4 Nbd7 15. Bd2 Rb8 16. Rac1 Nxe5 17. fxe5 Nd7 18. e4 Nb6 19. Nxb6 Qxb6 20. exd5 cxd5 21.
Be3 Ba6 22. Rfd1 Bc4 23. Rxc4 dxc4 24. Qxc4 Rfc8 25. Qd3 b3 26. axb3 Qxb3 27. Qxb3 Rxb3 28. Bc1 Kf8 29. Bd5 Rb5 30. Be4 f6 31. e6 f5 32.
Bf3 Rb3 33. Kg2 Rc2+ 34. Rd2 Rxc1 35. d5 Bd6 36. Be2 Ke7 37. Ba6 Rb1 38. Kh3 R1xb2 39.
Rd4 f4 40. Rc4 fxg3 41. hxg3 Rxg3+ 42. Kh4 Rh2# 0-1

[Event "Late-Titled-Tuesday-Blitz-April-16-2024"]
[Site "Chess.com"]
[Date "2024.04.16"]
[Round "10"]
[White "dennisodessa"]
[Black "GothamChess"]
[Result "0-1"]
[WhiteElo "2555"]
[BlackElo "2702"]
[TimeControl "180+1"]
[EndTime "15:53:31 PDT"]
[Termination "GothamChess won by resignation"]

1. d4 d5 2. c4 dxc4 3. e3 Nf6 4. Bxc4 e6 5. Nf3 c5 6. O-O cxd4 7. Nxd4 a6 8. a4 Be7 9. Nc3 O-O 10. b3 Bd7 11. Bb2 Nc6 12. Nxc6 Bxc6 13. Qe2 Qa5 14. Rfd1 Qg5 15.
f3 Bc5 16. Re1 Rad8 17. Rad1 Nh5 18. Rxd8 Rxd8 19. Ne4 Bxe4 20. fxe4 Nf4 21. Qc2 Nh3+ 22. Kh1 Bxe3 23. Qc3 Nf2+ 24. Kg1 Nd1+ 25. Rxe3 Nxc3 26.
Rxc3 Qd2 0-1

[Event "Late-Titled-Tuesday-Blitz-April-16-2024"]
[Site "Chess.com"]
[Date "2024.04.16"]
[Round "10"]
[White "watermelonattackk"]
[Black "Respectful_Dave"]
[Result "1-0"]
[WhiteElo "2489"]
[BlackElo "2376"]
[TimeControl "180+1"]
[EndTime "15:53:32 PDT"]
[Termination "watermelonattackk won by checkmate"]

1. d4 c5 2. d5 e5 3. e4 d6 4. Nc3 g6 5. Be2 Bg7 6. Nf3 Ne7 7. O-O O-O 8. a4 f5 9. Ng5 f4 10. Ne6 Bxe6 11. dxe6 Nbc6 12. Nd5 Rc8 13. c3 Qe8 14. Bg4 g5 15. Bh5 Ng6 16. Qg4 Bf6 17. b4 cxb4 18. cxb4 Nd4 19. Bb2 Nxe6 20. Rac1 Rc6 21.
b5 Rxc1 22. Rxc1 Nc5 23. f3 Qf7 24. Ba3 b6 25. Bxc5 dxc5 26. Rd1 Rd8 27. h4 h6 28.
hxg5 Bxg5 29. Bxg6 Qxg6 30. Ne7+ Kf7 31. Rxd8 Bxe7 32.
Qxg6+ Kxg6 33. Rd7 Kf6 34. Rxa7 c4 35. Kf1 c3 36.
Ke2 Bb4 37. Kd3 Ba5 38. Rxa5 bxa5 39. b6 c2 40. Kxc2 Kg5 41. Kd2 Kh4 42. Ke2 Kg3 43. Kf1 h5 44. b7 h4 45. b8=Q h3 46. Qg8+ Kh2 47. gxh3 Kxh3 48. Qg4+ Kh2 49. Qg2# 1-0

[Event "Late-Titled-Tuesday-Blitz-April-16-2024"]
[Site "Chess.com"]
[Date "2024.04.16"]
[Round "10"]
[White "JiangoFett"]
[Black "hristos03"]
[Result "1-0"]
[WhiteElo "2530"]
[BlackElo "2359"]
[TimeControl "180+1"]
[EndTime "15:53:33 PDT"]
[Termination "JiangoFett won on time"]

1. d4 Nf6 2. c4 e6 3. g3 c5 4. d5 exd5 5. cxd5 d6 6. Nc3 g6 7. Bg2 Bg7 8. Nf3 O-O 9. O-O Na6 10. Re1 Nc7 11. a4 a6 12. Nd2 Rb8 13. a5 Nb5 14.
Nc4 Re8 15. Bf4 Bf8 16. e4 Nh5 17. Be3 Bg7 18. Qd3 Nd4 19. f4 Nb5 20. Bf2 Bd7 21.
e5 Bf5 22. Qf1 dxe5 23. fxe5 Nd4 24. Rad1 Rc8 25. Nd6 Qxa5 26. Nxc8 Rxc8 27. e6 fxe6 28. dxe6 Nxe6 29. Bd5 Kh8 30. Bxe6 Bxe6 31. Rxe6 1-0

[Event "Late-Titled-Tuesday-Blitz-April-16-2024"]
[Site "Chess.com"]
[Date "2024.04.16"]
[Round "10"]
[White "cristiano78"]
[Black "kripri"]
[Result "0-1"]
[WhiteElo "2272"]
[BlackElo "2400"]
[TimeControl "180+1"]
[EndTime "15:53:35 PDT"]
[Termination "kripri won by resignation"]

1. d4 Nf6 2. c4 e6 3. Nf3 d5 4. Nc3 Be7 5. Bg5 O-O 6. e3 c6 7.
Rc1 b6 8. Be2 Bb7 9. O-O Nbd7 10. a3 Rc8 11. b4 a5 12. c5 axb4 13. axb4 bxc5 14. bxc5 Ra8 15. Ra1 h6 16. Bf4 Nh5 17. Qb3 Nxf4 18. Qxb7 Nxe2+ 19. Nxe2 Rxa1 20. Rxa1 Qc8 21. Ra7 Qxb7 22. Rxb7 Rb8 23. Rxb8+ Nxb8 24. Nc3 f6 25. Na4 Nd7 26. Nd2 e5 27. Nb3 Bd8 28.
Kf1 Kf7 29. Ke2 Ke6 30. f3 h5 31. Kd3 f5 32. dxe5 Nxe5+ 33. Kc3 Bf6 34. Nd4+ Kd7 35. Nb6+ Kc7 36. Kd2 g6 37. Ke1 Nd3+ 38. Kd2 Nxc5 39.
Nxd5+ cxd5 40. h3 Bxd4 41. exd4 Ne6 42. Kd3 h4 43. Ke3 Kc6 0-1

[Event "Late-Titled-Tuesday-Blitz-April-16-2024"]
[Site "Chess.com"]
[Date "2024.04.16"]
[Round "10"]
[White "PotapovaM"]
[Black "Bryanl106"]
[Result "0-1"]
[WhiteElo "2541"]
[BlackElo "2705"]
[TimeControl "180+1"]
[EndTime "15:53:38 PDT"]
[Termination "Bryanl106 won by resignation"]

1. d4 Nf6 2. c4 g6 3. Nc3 Bg7 4. e4 d6 5. Be2 O-O 6. f4 c5 7. Nf3 cxd4 8. Nxd4 Nc6 9. Be3 e5 10.
Nxc6 bxc6 11. O-O exf4 12. Bxf4 Qb6+ 13. Kh1 Qxb2 14. Na4 Qb7 15. Rb1 Qd7 16. Bxd6 Rd8 17. e5 Ne4 18. c5 Qe8 19. Bc4 Be6 20. Bxe6 Qxe6 21. Rb7 Bxe5 22. Qf3 Bxd6 23. cxd6 Nxd6 24. Nc5 Qc4 25. Qf6 Nxb7 26. Nxb7 Rd2 27. Nd6 Qe6 28. Ne4 Qxf6 29. Nxf6+ Kg7 30. g4 Rxa2 31. g5 Rd8 32.
Re1 Rdd2 33. h4 Rh2+ 34. Kg1 Rag2+ 35. Kf1 Rh1+ 36. Kxg2 Rxe1 0-1

[Event "Late-Titled-Tuesday-Blitz-April-16-2024"]
[Site "Chess.com"]
[Date "2024.04.16"]
[Round "10"]
[White "ChessBrainiacOnTwitch"]
[Black "ReadySkate"]
[Result "1-0"]
[WhiteElo "2827"]
[BlackElo "2635"]
[TimeControl "180+1"]
[EndTime "15:53:46 PDT"]
[Termination "ChessBrainiacOnTwitch won by resignation"]

1. e4 c5 2. Nf3 d6 3. d4 cxd4 4.
Nxd4 Nf6 5. Nc3 a6 6. Nf3 h6 7. e5 dxe5 8. Qxd8+ Kxd8 9. Nxe5 Ke8 10. Bf4 Bf5 11. O-O-O Nbd7 12. Bc4 e6 13. f3 Bb4 14. Nxd7 Nxd7 15. Ne4 Bxe4 16. fxe4 Rc8 17. Bb3 Ke7 18. c3 Bc5 19. e5 g5 20. Bg3 Be3+ 21. Kc2 Bf4 22.
Bxf4 gxf4 23. Rhf1 Rhg8 24. Rd2 Nxe5 25. Rxf4 Rg5 26. g3 Rcg8 27. a4 Rg4 28. Rdf2 Rxf4 29. Rxf4 Ng4 30. Rb4 b5 31. axb5 axb5 32. Rxb5 Nxh2 33.
Rh5 Nf1 34. Rxh6 Rxg3 35. Ba2 Rg2+ 36. Kc1 Ng3 37. Bc4 Nf5 38. Rh1 Ne3 39. Bd3 Rf2 40. Re1 Nd5 41. Be4 Nb6 42. Bd3 f5 43. c4 Na4 44. b4 Kd6 45. Bc2 Nc3 46. Kb2 Ne2 47. Rd1+ Ke5 48. Rd2 Kf4 49. b5 Ke3 50. Rd3+ Ke4 51. b6 Nd4 52. Rxd4+ Kxd4 53. b7 1-0

[Event "Late-Titled-Tuesday-Blitz-April-16-2024"]
[Site "Chess.com"]
[Date "2024.04.16"]
[Round "10"]
[White "LUISMIGUELOV"]
[Black "Cluke86"]
[Result "1-0"]
[WhiteElo "2201"]
[BlackElo "2326"]
[TimeControl "180+1"]
[EndTime "15:53:48 PDT"]
[Termination "LUISMIGUELOV won by resignation"]

1. d4 d6 2. c3 Nf6 3. Nf3 g6 4. Bg5 Bg7 5. Nbd2 O-O 6. Qc2 d5 7.
e3 c5 8. Ne5 c4 9. b3 b5 10. a4 cxb3 11. Qxb3 bxa4 12. Qxa4 Nbd7 13. f4 Nb6 14. Qc2 Bf5 15. Bd3 Bxd3 16. Qxd3 Ne8 17. Bh4 Nd6 18. O-O Qc7 19. Rfc1 Rfc8 20. Qa6 e6 21.
Be1 Ndc4 22. Ndxc4 Nxc4 23. Nxc4 Qxc4 24. Qxc4 Rxc4 25.
Ra6 Bf8 26. Rca1 Rc7 27. Kf2 Be7 28. Ke2 Kf8 29. Kd3 Ke8 30. R1a4 Kd7 31. c4 dxc4+ 32. Rxc4 Rxc4 33. Kxc4 Bd8 34. Kd3 Bb6 35. Ba5 Kc6 36.
Bxb6 Kb7 37. Rxa7+ Rxa7 38. Bxa7 Kxa7 39. Ke4 f6 40. d5 Kb6 41. dxe6 Kc6 42. f5 Kd6 43.
g4 Ke7 44. h3 Kd6 45. Kd4 Kc6 46. e4 Kd6 47. e5+ fxe5+ 48. Ke4 g5 49. e7 Kxe7 50.
Kxe5 Kf7 51. f6 Kf8 52. Kf5 h6 53. Kg6 Kg8 54. Kxh6 Kf7 55. Kxg5 1-0

[Event "Late-Titled-Tuesday-Blitz-April-16-2024"]
[Site "Chess.com"]
[Date "2024.04.16"]
[Round "10"]
[White "ritanovikova"]
[Black "PapaieDudu"]
[Result "1/2-1/2"]
[WhiteElo "2181"]
[BlackElo "2318"]
[TimeControl "180+1"]
[EndTime "15:53:49 PDT"]
[Termination "Game drawn by agreement"]

1. e4 c5 2. Nc3 a6 3. d3 e6 4. g3 d5 5. exd5 exd5 6. Bg2 Nf6 7. Nge2 Be7 8. Nf4 Be6 9. O-O O-O 10. Re1 d4 11. Ne4 Nxe4 12. Bxe4 Bc8 13. Bg2 Nc6 14.
Nd5 Bd6 15. Bf4 Be6 16. Bxd6 Qxd6 17. Nf4 Bd7 18. Qh5 Rae8 19. Qd5 Qxd5 20. Nxd5 Ne5 21. Kf1 Bc6 22. Nf4 Nf3 23. Bxf3 Bxf3 24. Rxe8 Rxe8 25.
Re1 Rc8 26. b3 Kf8 27. a4 b5 28. axb5 axb5 29. Ra1 g5 30. Ne2 Re8 31. Ng1 Bg4 32. f3 Bf5 33. Kf2 c4 34. bxc4 bxc4 35. Ne2 Rd8 36. Ra4 cxd3 37. cxd3 Bxd3 38. Rxd4 Rxd4 39.
Nxd4 Bg6 40. Ke3 Kg7 41. f4 gxf4+ 42. Kxf4 f6 43. Nf5+ Kf8 44. h4 Be8 45. g4 Bf7 46. g5 fxg5+ 47. Kxg5 Bg6 48. Ng3 Kg7 49. h5 h6+ 50. Kg4 Bxh5+ 51. Nxh5+ Kf8 1/2-1/2

[Event "Late-Titled-Tuesday-Blitz-April-16-2024"]
[Site "Chess.com"]
[Date "2024.04.16"]
[Round "10"]
[White "KorolDimitriy75"]
[Black "CURRUTACO59"]
[Result "1-0"]
[WhiteElo "2321"]
[BlackElo "2167"]
[TimeControl "180+1"]
[EndTime "15:53:49 PDT"]
[Termination "KorolDimitriy75 won on time"]

1. d4 Nf6 2. c4 e6 3. Nc3 Bb4 4. Qc2 d6 5. e4 Bxc3+ 6. bxc3 e5 7. Bd3 c5 8. f4 Nc6 9. d5 Ne7 10. fxe5 dxe5 11. Nf3 Ng6 12. O-O h6 13. Be3 b6 14.
h3 O-O 15. a4 a5 16. g4 Ne8 17. Kg2 Nd6 18. Qe2 Nh4+ 19. Nxh4 Qxh4 20. Rf3 Qe7 21. Rb1 Rb8 22. Bxc5 Bxg4 23. Bxb6 Bxf3+ 24. Qxf3 Qg5+ 25. Kh1 Nc8 26. c5 Nxb6 27. cxb6 Qe7 28.
Qe3 Qa3 29. c4 Qxa4 30. c5 Rfc8 31. c6 1-0

[Event "Late-Titled-Tuesday-Blitz-April-16-2024"]
[Site "Chess.com"]
[Date "2024.04.16"]
[Round "10"]
[White "PawnEatingZombie"]
[Black "youngdinousaur"]
[Result "0-1"]
[WhiteElo "2239"]
[BlackElo "2234"]
[TimeControl "180+1"]
[EndTime "15:53:49 PDT"]
[Termination "youngdinousaur won on time"]

1. e4 c5 2. c3 e6 3. d4 d5 4.
Bb5+ Bd7 5. Bxd7+ Nxd7 6. exd5 exd5 7. Nf3 Ngf6 8. O-O Be7 9. dxc5 Nxc5 10. Nbd2 O-O 11.
Nb3 Nce4 12. Be3 b6 13. h3 a5 14. a4 Qc7 15. Nfd4 Rad8 16. Qf3 Rfe8 17. Rfe1 h6 18. Qe2 Bf8 19. Nf5 Nc5 20. Qb5 Nfe4 21. Rad1 Nxb3 22. Qxb3 Nc5 23. Qb5 Qd7 24. Nd4 Qxb5 25. axb5 g6 26. Nc6 Rd7 27. b4 axb4 28. cxb4 Na4 29. Ra1 Nc3 30. Bxb6 Rxe1+ 31. Rxe1 Bg7 32. Bd4 Nxb5 33. Bxg7 Kxg7 34. Ne5 Rd8 35. Rc1 d4 36. Nd3 Nc3 37.
Kf1 Ra8 38. Ke1 Ra2 39. g3 Re2+ 40. Kf1 Rd2 41. Nc5 Rb2 0-1

[Event "Late-Titled-Tuesday-Blitz-April-16-2024"]
[Site "Chess.com"]
[Date "2024.04.16"]
[Round "10"]
[White "HipsterChess22"]
[Black "TiagoMangialardo"]
[Result "1-0"]
[WhiteElo "2232"]
[BlackElo "2067"]
[TimeControl "180+1"]
[EndTime "15:53:49 PDT"]
[Termination "HipsterChess22 won on time"]

1. d4 Nf6 2. Nc3 c5 3. dxc5 Qa5 4. e4 Nxe4 5. Bd2 Nxd2 6. Qxd2 Qxc5 7. O-O-O g6 8. Ne4 Qe5 9. Bd3 Bg7 10. c3 O-O 11. Nf3 Qa5 12. h4 Qxa2 13. h5 d5 14. Bb1 Qa1 15. Ng3 Nc6 16. hxg6 hxg6 17. Qxd5 Be6 18. Qe4 Na5 19. Nd2 Rfd8 20. Qb4 Rac8 21. Qa3 Qxa3 22. bxa3 1-0

[Event "Late-Titled-Tuesday-Blitz-April-16-2024"]
[Site "Chess.com"]
[Date "2024.04.16"]
[Round "10"]
[White "PNEPaul"]
[Black "McCarthyStone"]
[Result "0-1"]
[WhiteElo "1859"]
[BlackElo "2376"]
[TimeControl "180+1"]
[EndTime "15:53:50 PDT"]
[Termination "McCarthyStone won by checkmate"]

1. e4 e5 2. Nf3 d6 3. d4 exd4 4. Bc4 Be7 5. c3 Nf6 6. Ng5 O-O 7. Nxf7 Rxf7 8. Bxf7+ Kxf7 9. Qb3+ Kf8 10. cxd4 Nxe4 11.
O-O Nf6 12. Nc3 d5 13. Bg5 c6 14. Rfe1 h6 15. Bh4 Nbd7 16. Qc2 Kg8 17. Qg6 Nf8 18. Qd3 Bg4 19. Re3 Bh5 20. Rae1 Bg6 21. Qe2 Bd6 22.
h3 Bf4 23. Re7 N8d7 24. Bxf6 Nxf6 25. Rxb7 Bd6 26. Na4 Ne4 27. Nc5 Nxc5 28. dxc5 Bxc5 29. Qe6+ Kh7 30. Qxc6 Bxf2+ 31. Kxf2 Qh4+ 32. Kf3 Rf8+ 33. Ke2 Rf2+ 34. Kd1 Qd4+ 35. Kc1 Qd2# 0-1

[Event "Late-Titled-Tuesday-Blitz-April-16-2024"]
[Site "Chess.com"]
[Date "2024.04.16"]
[Round "10"]
[White "Boorchess"]
[Black "picturesquecheck"]
[Result "0-1"]
[WhiteElo "2481"]
[BlackElo "2413"]
[TimeControl "180+1"]
[EndTime "15:53:51 PDT"]
[Termination "picturesquecheck won on time"]

1. d4 d6 2. Nf3 Nf6 3. Bg5 Ne4 4. Bf4 g6 5. e3 Bg7 6. Bd3 Nf6 7. h3 O-O 8. O-O Nbd7 9. Bh2 c5 10. c3 b6 11. Nbd2 Bb7 12. Qe2 Re8 13. Rfd1 e5 14.
dxe5 Nxe5 15. Bb5 Re7 16. Nxe5 dxe5 17. Ne4 Qc7 18. Nd6 a6 19. Bc4 b5 20. Nxb7 Qxb7 21. Bb3 c4 22. Bc2 e4 23. a4 Rc8 24. axb5 axb5 25.
Rd2 b4 26. Bd6 bxc3 27. bxc3 Re6 28. Ba4 Nd5 29. Rb2 Qa7 30. Qf1 Ra8 0-1

[Event "Late-Titled-Tuesday-Blitz-April-16-2024"]
[Site "Chess.com"]
[Date "2024.04.16"]
[Round "10"]
[White "Hikaru"]
[Black "Firouzja2003"]
[Result "1/2-1/2"]
[WhiteElo "3287"]
[BlackElo "3052"]
[TimeControl "180+1"]
[EndTime "15:53:53 PDT"]
[Termination "Game drawn by agreement"]

1. e4 c6 2. Nf3 d5 3. Nc3 dxe4 4. Nxe4 Nf6 5. Qe2 Bf5 6. d3 e6 7.
g3 Nbd7 8. Bg2 Be7 9. O-O O-O 10.
Re1 a5 11. a4 h6 12. Ned2 Re8 13.
Nc4 Bf8 14. Nfe5 Nxe5 15. Nxe5 Nd7 16. Nxd7 Qxd7 17. Be4 e5 18. Bxf5 Qxf5 19. Qe4 Qd7 20.
Bd2 f5 21. Qc4+ Qd5 22. b3 Bb4 23. Bxb4 Qxc4 24. dxc4 axb4 25. Rad1 Re7 26. f4 e4 27. Kf2 Kf7 28. Rd6 Re6 29. Rd7+ Re7 30. Red1 Re8 31. Ke3 Rxd7 32. Rxd7+ Re7 33. Rd8 Ke6 34. c5 Rd7 35.
Rxd7 Kxd7 36. Kd4 Kc7 37. Kc4 h5 38. Kxb4 Kb8 39. Kc4 Ka7 40. Kd4 g6 41. b4 Kb8 42.
Ke3 Ka7 43. c4 Kb8 44. b5 Ka7 45. a5 Kb8 46. Kd4 Ka7 47. Kc3 Kb8 48. Kc2 Ka7 49.
Kc1 Kb8 50. Kd1 Ka7 51. Ke1 Kb8 52. Kf2 Ka7 53. Ke3 Kb8 54. h3 Ka7 55. g4 Kb8 56. gxh5 gxh5 57. h4 Ka7 1/2-1/2

[Event "Late-Titled-Tuesday-Blitz-April-16-2024"]
[Site "Chess.com"]
[Date "2024.04.16"]
[Round "10"]
[White "Caterpiller35"]
[Black "only_strong_moves"]
[Result "1-0"]
[WhiteElo "2503"]
[BlackElo "2647"]
[TimeControl "180+1"]
[EndTime "15:53:54 PDT"]
[Termination "Caterpiller35 won by resignation"]

1. d4 Nf6 2. Bg5 c5 3. d5 Ne4 4.
Bc1 e6 5. c4 Qf6 6. Nf3 Na6 7.
e3 Be7 8. Bd3 Nd6 9. Nc3 Nc7 10.
e4 e5 11. Bg5 Qg6 12. Bxe7 Kxe7 13. O-O f6 14. a3 Rf8 15. b4 Na6 16. Nb5 cxb4 17.
Nxd6 Kxd6 18. Nh4 Qf7 19. axb4 Nxb4 20. Nf5+ Kc7 21. c5 g6 22. Nd6 Qe7 23. Qb3 Nxd3 24. Qxd3 Kd8 25. Rfb1 b6 26. Nxc8 Rxc8 27. cxb6 axb6 28.
Rxb6 Qc5 29. Rbb1 Ke7 30. g3 Rc7 31. Kg2 d6 32. Ra6 Rfc8 33. Rbb6 Rd7 34. Rc6 Rxc6 35. Rxc6 Qb4 36. h4 Ra7 37. Qe3 Ra4 38. Rc7+ Kd8 39.
Rxh7 Qxe4+ 40. Qxe4 Rxe4 41. Rf7 f5 42. Rf6 Kd7 43. Rxg6 Rd4 44. h5 Ra4 45. h6 Ra8 46. h7 Rh8 47. Rg7+ Ke8 1-0

[Event "Late-Titled-Tuesday-Blitz-April-16-2024"]
[Site "Chess.com"]
[Date "2024.04.16"]
[Round "10"]
[White "ameetghasi100"]
[Black "RuperezA"]
[Result "1-0"]
[WhiteElo "2798"]
[BlackElo "2618"]
[TimeControl "180+1"]
[EndTime "15:53:57 PDT"]
[Termination "ameetghasi100 won by resignation"]

1. Nf3 e6 2. d3 Nf6 3. Nc3 d5 4.
g3 c5 5. Bg2 Nc6 6. O-O Be7 7.
Nd2 O-O 8. e4 b6 9. exd5 exd5 10.
Nb3 Bg4 11. Qe1 Re8 12. Bg5 h6 13. Bxf6 Bxf6 14. Qd2 Bg5 15. f4 Bf6 16. Nxd5 Bxb2 17. Rae1 Rc8 18. c3 Be6 19. Ne3 c4 20. Qxb2 cxb3 21. d4 Na5 22. d5 Bd7 23. axb3 Qf6 24.
Nd1 Bg4 25. Nf2 Bf5 26. Rxe8+ Rxe8 27. Rd1 Re3 28. d6 Rxc3 29. d7 Bxd7 30. Rxd7 Nxb3 31. Nd1 Rc1 32. Qxb3 a5 33. Qe3 Qa1 34. Qe8+ Kh7 35. Be4+ 1-0

[Event "Late-Titled-Tuesday-Blitz-April-16-2024"]
[Site "Chess.com"]
[Date "2024.04.16"]
[Round "10"]
[White "MaxLeto"]
[Black "divudis17"]
[Result "1-0"]
[WhiteElo "2435"]
[BlackElo "2549"]
[TimeControl "180+1"]
[EndTime "15:53:58 PDT"]
[Termination "MaxLeto won by checkmate"]

1. e4 c5 2. Nf3 Nf6 3. Nc3 e6 4. d4 cxd4 5. Nxd4 Nc6 6. Ndb5 d6 7. Bf4 e5 8. Bg5 a6 9. Na3 b5 10. Nd5 Be7 11. Bxf6 Bxf6 12. c4 b4 13. Nc2 O-O 14. g3 a5 15. Bg2 Bg5 16. O-O Be6 17. b3 Qb8 18. Qd3 Rd8 19. f4 Bh6 20. h4 g6 21.
f5 Bxd5 22. Qxd5 Qb6+ 23. Kh2 Nd4 24. fxg6 Ra7 25. Rxf7 Kh8 26. Nxd4 exd4 27. Raf1 hxg6 28. Qe6 Rg8 29. Qf6+ Rg7 30. Rf8+ Kh7 31. h5 Qc7 32. e5 dxe5 33. Be4 Rg8 34. hxg6+ Rxg6 35. Qxg6# 1-0

[Event "Late-Titled-Tuesday-Blitz-April-16-2024"]
[Site "Chess.com"]
[Date "2024.04.16"]
[Round "10"]
[White "Polish_fighter3000"]
[Black "CarlosjPineror"]
[Result "1-0"]
[WhiteElo "3095"]
[BlackElo "2708"]
[TimeControl "180+1"]
[EndTime "15:53:59 PDT"]
[Termination "Polish_fighter3000 won by resignation"]

1. c4 Nf6 2. Nc3 g6 3. d4 Bg7 4.
e4 d6 5. h4 c5 6. d5 b5 7.
cxb5 a6 8. Nf3 Nbd7 9. a4 O-O 10.
Ra3 axb5 11. Bxb5 Ba6 12. Bxa6 Rxa6 13. Qe2 Ra8 14. O-O Ng4 15. h5 Qb6 16. hxg6 hxg6 17. Ng5 Ngf6 18. Nb5 Ne8 19. Qg4 Ndf6 20. Qh4 Nc7 21. Rf3 Rfb8 22. e5 dxe5 23. d6 Rxa4 24. Qxa4 Nxb5 25. dxe7 Nd6 26. Rd1 Qc7 27. Rxd6 Qxd6 28.
Rxf6 Qxf6 29. e8=Q+ Rxe8 30. Qxe8+ Bf8 31. Qxf8+ Kxf8 32. Nh7+ Ke7 33. Nxf6 Kxf6 34. g4 Ke6 35. g5 f5 36.
gxf6 Kf5 37. f7 1-0

[Event "Late-Titled-Tuesday-Blitz-April-16-2024"]
[Site "Chess.com"]
[Date "2024.04.16"]
[Round "10"]
[White "h4parah5"]
[Black "Szparu"]
[Result "1-0"]
[WhiteElo "3035"]
[BlackElo "2895"]
[TimeControl "180+1"]
[EndTime "15:54:00 PDT"]
[Termination "h4parah5 won by checkmate"]

1. Nf3 d5 2. e3 c5 3. d4 Nf6 4.
Bb5+ Bd7 5. Be2 cxd4 6. exd4 Nc6 7. c3 e6 8. Bf4 Nh5 9. Bg5 Qc7 10. g3 h6 11. Be3 Bd6 12. Ne5 Nf6 13. Nxd7 Qxd7 14.
Nd2 Rb8 15. a4 O-O 16. O-O Ne7 17. Bd3 Nf5 18. Bxf5 exf5 19. Qf3 Rfe8 20. Nb3 Ne4 21. Nc1 b5 22. axb5 Rxb5 23. Nd3 a5 24. Bf4 Bf8 25. Rfe1 Re6 26. h4 Reb6 27. h5 Re6 28. Kg2 Reb6 29.
Be5 Rb7 30. Qd1 Rxb2 31. Nxb2 Rxb2 32. Rf1 Qb5 33. Rb1 Nxc3 34. Rxb2 Qxb2 35. Qa1 Ba3 36. Qe1 Bb4 37. Qe3 a4 38. Qd3 Ne4 39. Qb5 a3 40.
Qxd5 a2 41. Qa8+ Kh7 42. Qc8 g6 43. Qh8# 1-0

[Event "Late-Titled-Tuesday-Blitz-April-16-2024"]
[Site "Chess.com"]
[Date "2024.04.16"]
[Round "10"]
[White "temus_galaktionov"]
[Black "Msb2"]
[Result "0-1"]
[WhiteElo "2885"]
[BlackElo "3021"]
[TimeControl "180+1"]
[EndTime "15:54:00 PDT"]
[Termination "Msb2 won by resignation"]

1. d4 d5 2. c4 e6 3. Nf3 Nf6 4. Nc3 Bb4 5. cxd5 exd5 6. Bg5 h6 7. Bxf6 Qxf6 8. e3 c5 9. Bd3 c4 10. Bc2 O-O 11. O-O Be6 12. e4 Bxc3 13. bxc3 Nc6 14. Rb1 Rab8 15. e5 Qf4 16. Qc1 Qxc1 17. Rfxc1 b5 18. a3 a5 19. Rb2 Rb6 20. Rcb1 Rfb8 21.
h3 b4 22. axb4 axb4 23. cxb4 Nxb4 24. Ne1 Nxc2 25. Rxb6 Rxb6 26. Rxb6 Nxe1 27. Rb1 Nc2 28. Rd1 Nb4 29. Kf1 c3 30. Rc1 c2 31. Ke2 Bf5 32. Kd2 Na2 33. Ra1 c1=Q+ 34. Rxc1 Nxc1 35. Kxc1 g5 36. Kd2 Kg7 37. Ke3 Kg6 38. f3 Be6 39. g4 h5 40. Kf2 Bd7 41. Ke3 Bb5 42. Kf2 Bc4 43. Ke1 h4 44. Kf2 Kg7 45. Kg2 Kf8 46. f4 gxf4 47. Kf3 Kg7 48. Kxf4 Kg6 49. g5 Be2 0-1